 Dungeon Crawl Stone Soup version 0.18.1-50-g88ac8fd (webtiles) character file.

92 RTS the Skirmisher (level 4, -1/41 HPs)
             Began as a Minotaur Berserker on Sept 27, 2016.
             Was a Believer of Trog.
             Slain by a worm (14 damage)
             ... on level 2 of the Dungeon.
             The game lasted 00:03:29 (1582 turns).

RTS the Skirmisher (Minotaur Berserker)             Turns: 1582, Time: 00:03:29

Health: -1/41      AC:  2    Str: 22    XL:     4   Next: 35%
Magic:  3/3        EV: 12    Int:  4    God:    Trog [**....]
Gold:   144        SH:  0    Dex: 10    Spells: 0 memorised, 3 levels left

rFire  . . .     SeeInvis .     i - +0 short sword (holy)
rCold  . . .     Gourm    +     b - +0 animal skin
rNeg   . . .     Faith    .     (no shield)
rPois  .         Spirit   .     (helmet restricted)
rElec  .         Dismiss  .     (no cloak)
rCorr  .         Reflect  .     (no gloves)
SustAt .         Harm     .     (no boots)
MR     .....                    n - amulet of the gourmand
Stlth  +.........               (no ring)
                                p - ring of wizardry

@: not resistant to hostile enchantments, very unstealthy
A: retaliatory headbutt, horns 2
a: Berserk, Trog's Hand, Burn Spellbooks, Renounce Religion


You were on level 2 of the Dungeon.
You worshipped Trog.
Trog was pleased with you.
You were completely stuffed.

You visited 1 branch of the dungeon, and saw 2 of its levels.

You collected 144 gold pieces.

Inventory:

Hand Weapons
 a - a +0 hand axe
 i - a +0 short sword of holy wrath (weapon)
Armour
 b - a +0 animal skin (worn)
Jewellery
 n - an amulet of the gourmand (around neck)
 p - a ring of wizardry (left hand)
Scrolls
 f - a scroll of fear {unknown}
 g - 2 scrolls of amnesia {unknown}
 h - a scroll of recharging {unknown}
 j - 3 scrolls of enchant armour {unknown}
 k - 2 scrolls of teleportation {unknown}
 l - a scroll of enchant weapon {unknown}
 o - 3 scrolls of identify {unknown}
 t - 2 scrolls of remove curse {unknown}
Potions
 d - 3 potions of curing {unknown}
 e - a potion of lignification {unknown}
 m - 2 potions of heal wounds {unknown}
 q - a potion of brilliance {unknown}
 r - a potion of flight {unknown}
Comestibles
 c - 3 bread rations
 s - 2 chunks of flesh


   Skills:
 + Level 4.9 Fighting
 + Level 0.9 Short Blades
 + Level 4.3 Axes
 + Level 2.8 Armour
 - Level 3.0 Dodging


You had 3 spell levels left.
You didn't know any spells.

Dungeon Overview and Level Annotations

Branches:
Dungeon (2/15)

Altars:
Gozag
Nemelex Xobeh
Trog


Innate Abilities, Weirdness & Mutations

You reflexively headbutt those who attack you in melee.
You have a pair of horns on your head.


Message History

The worm bites you.
You hit the worm.
The worm is lightly wounded.
The moth of wrath goads the worm on!
The worm goes berserk!
The moth of wrath goads the rat on!
The rat goes berserk!
The moth of wrath goads the worm on!
The worm goes berserk!
You hit the worm. Your headbutt misses the worm.
The worm is lightly wounded.
The rat bites you. The worm bites you but does no damage.
The rat closely misses you. You furiously retaliate!
You headbutt the rat!
You kill the rat!
Trog accepts your kill.
You barely miss the worm.
You headbutt the worm, but do no damage.
The worm is lightly wounded.
The worm bites you.
You completely miss the worm.
The worm is lightly wounded.
The worm bites you!
You die...

#### ###)..###
##.).....##
#)).._....#########
##.........##.......
#..ww###....#.......
#####..@##y##...########
#...#....###....# ##
#.###...........#######.
#.# ##.........##.......
#.# ##.......###.>####.
#.# ####.#### #..# ##
#.# #####.### #..# #.#
#.......# #.†# #.#
#.#####.##.#..#


You could see a moth of wrath and 2 worms.

Vanquished Creatures
  4 adders (D:2)
  An ooze (D:1)
  2 worms (D:2)
  3 dart slugs (D:1)
  A giant gecko (D:1)
  A giant cockroach (D:1)
  5 goblins
  7 hobgoblins
  2 bats
  5 kobolds
  11 rats
42 creatures vanquished.

Notes
Turn   | Place    | Note
--------------------------------------------------------------
     0 | D:1      | RTS the Minotaur Berserker began the quest for the Orb.
     0 | D:1      | Reached XP level 1. HP: 19/19 MP: 0/0
   115 | D:1      | Reached XP level 2. HP: 26/27 MP: 1/1
   624 | D:1      | Reached XP level 3. HP: 34/34 MP: 2/2
  1084 | D:1      | Reached ** piety under Trog
  1231 | D:2      | Found a sparkling altar of Nemelex Xobeh.
  1443 | D:2      | Reached XP level 4. HP: 24/41 MP: 3/3
  1503 | D:2      | Found an opulent altar of Gozag.
  1567 | D:2      | Noticed a moth of wrath
  1570 | D:2      | Found a bloodstained altar of Trog.
  1582 | D:2      | Slain by a worm

Skill      XL: |  1  2  3  4 |
---------------+-------------+-----
Fighting       | 4 |  4.9
Axes           | 4 |  4.3
Dodging        | 3 |  3.0
Short Blades   | |  0.9
Armour         | |  2.8

Action                   |  1- 3 |  4- 6 || total
-------------------------+-------+-------++-------
Melee: Hand axe          |     5 |       ||     5
       Headbutt          |    15 |     6 ||    21
       Short sword       |    74 |    14 ||    88
  Eat: Chunk             |    10 |     2 ||    12
Armor: Animal skin       |     6 |     1 ||     7
Dodge: Dodged            |    42 |     8 ||    50
